IL
DURHAM BULLS @ PAWTUCKET RED SOX
08/28/2047
 
TOP OF THE 1ST
Durham Bulls batting - Pitching for Pawtucket Red Sox : LHP Adam Schneidewind
Pitching: LHP Adam Schneidewind
Batting: RHB Jonathan Fraire 0-0: Called Strike
0-1: Foul Ball, location: 2F
0-2: Ball
1-2: SINGLE (Groundball, 6S, EV 70.0 MPH) (infield hit)
Batting: RHB David Ward 0-0: Ball
1-0: Called Strike
1-1: Ball
2-1: Ball
3-1: Foul Ball, location: 2F
3-2: Base on Balls
Jonathan Fraire to second
Batting: SHB Lou Kroneman 0-0: Called Strike
0-1: Swinging Strike
0-2: Foul Ball, location: 2F
0-2: Foul Ball, location: 2F
0-2: Ball
1-2: SINGLE (Groundball, 3D, EV 95.0 MPH)
Jonathan Fraire to third
David Ward to second
Runner from 3rd tries for Home, SAFE, throw by RF to home
Batting: RHB Nick Sharp 0-0: Swinging Strike
0-1: Ball
1-1: Ball
2-1: Ball
3-1: SINGLE (Line Drive, 56D, EV 110.0 MPH)
David Ward to third
Lou Kroneman to second
Batting: RHB Kevin Benfield 0-0: Ball
1-0: Ball
2-0: Fly out, F7 (Flyball, 7, EV 83.1 MPH)
Batting: LHB Mark Marvin 0-0: Called Strike
0-1: Ball
1-1: SINGLE (Line Drive, 9S, EV 106.2 MPH)
David Ward scores
Lou Kroneman to third
Nick Sharp to second
Batting: LHB Mario Ocana 0-0: Ball
1-0: Foul Ball, location: 2F
1-1: SINGLE (Groundball, 56D, EV 99.4 MPH)
Lou Kroneman scores
Nick Sharp to third
Mark Marvin to second
Runner from 3rd tries for Home, SAFE, throw by LF to home
Batting: LHB Jake Rheaume 0-0: Called Strike
0-1: Ball
1-1: SINGLE (Flyball, 5D, EV 90.0 MPH)
Mark Marvin to third
Mario Ocana to second
Batting: LHB Angel Ruvalcaba 0-0: Ball
1-0: Grounds into fielders choice 1-2 (Groundball, 15S, EV 70.6 MPH)
Mario Ocana to third
Jake Rheaume to second
Batting: RHB Jonathan Fraire 0-0: Called Strike
0-1: Fly out, F7 (Line Drive, 7, EV 106.2 MPH)
Top of the 1st over - 4 runs, 6 hits, 0 errors, 3 left on base; Durham 4 - Pawtucket 0
BOTTOM OF THE 1ST
Pawtucket Red Sox batting - Pitching for Durham Bulls : RHP Eric Smith
Pitching: RHP Eric Smith
Batting: LHB Tim Fuller 0-0: Foul Ball, location: 2F
0-1: Ball
1-1: Ball
2-1: Ball
3-1: Base on Balls
Batting: RHB Brandon Perris 0-0: Called Strike
Tim Fuller steals 2nd base
0-1: Called Strike
0-2: Ball
1-2: Ball
2-2: Fly out, F8 (Flyball, 8LM, EV 84.4 MPH)
Batting: LHB Jarrett Mordecai 0-0: Ball
1-0: Ball
2-0: Ball
3-0: Base on Balls
Batting: RHB Jose Diaz 0-0: Swinging Strike
0-1: DOUBLE (Line Drive, 9LD, EV 115.0 MPH)
Tim Fuller scores
Jarrett Mordecai to third
Runner from 3rd tries for Home, throw by RF and OUT! 9-4-2
Jose Diaz to third
Batting: LHB David Moore 0-0: Ball
1-0: Foul Ball, location: 2F
1-1: Ball
2-1: Ground out 5-3 (Groundball, 56S, EV 88.1 MPH)
Bottom of the 1st over - 1 run, 1 hit, 0 errors, 1 left on base; Durham 4 - Pawtucket 1
TOP OF THE 2ND
Durham Bulls batting - Pitching for Pawtucket Red Sox : LHP Adam Schneidewind
Batting: RHB David Ward 0-0: Called Strike
0-1: Foul Ball, location: 2F
0-2: Foul Ball, location: 2F
0-2: Foul Ball, location: 2F
0-2: Ball
1-2: Ball
2-2: Ball
3-2: Foul Ball, location: 2F
3-2: Foul Ball, location: 2F
3-2: Fly out, F8 (Flyball, 8LM, EV 80.6 MPH)
Batting: SHB Lou Kroneman 0-0: Swinging Strike
0-1: Ball
1-1: Swinging Strike
1-2: Strikes out swinging
Batting: RHB Nick Sharp 0-0: Ball
1-0: SINGLE (Groundball, 4M, EV 100.6 MPH) (infield hit)
Batting: RHB Kevin Benfield 0-0: Called Strike
0-1: SINGLE (Groundball, 34D, EV 100.0 MPH)
Nick Sharp to second
Runner from 2nd tries for 3rd, SAFE, throw by RF made to third
Batting: LHB Mark Marvin 0-0: Called Strike
0-1: Ball
1-1: Ball
2-1: Ball
3-1: Fly out, F6 (Line Drive, 4M, EV 73.8 MPH)
Top of the 2nd over - 0 runs, 2 hits, 0 errors, 2 left on base; Durham 4 - Pawtucket 1
BOTTOM OF THE 2ND
Pawtucket Red Sox batting - Pitching for Durham Bulls : RHP Eric Smith
Batting: RHB Eric Garrett 0-0: Foul Ball, location: 2F
0-1: Swinging Strike
0-2: Ball
1-2: Ground out 3-1 (Groundball, 34, EV 77.5 MPH)
Batting: RHB Neil Mautone 0-0: Ball
1-0: Swinging Strike
1-1: Foul Ball, location: 2F
1-2: Strikes out swinging
Batting: RHB John Chiesa 0-0: Ball
1-0: Fly out, F9 (Flyball, 9, EV 93.8 MPH)
Bottom of the 2nd over - 0 runs, 0 hits, 0 errors, 0 left on base; Durham 4 - Pawtucket 1
TOP OF THE 3RD
Durham Bulls batting - Pitching for Pawtucket Red Sox : LHP Adam Schneidewind
Batting: LHB Mario Ocana 0-0: Ball
1-0: Called Strike
1-1: Swinging Strike
1-2: Foul Ball, location: 2F
1-2: Ground out 4-3 (Groundball, 34D, EV 110.0 MPH)
Batting: LHB Jake Rheaume 0-0: Ground out 4-3 (Groundball, 4, EV 83.1 MPH)
Batting: LHB Angel Ruvalcaba 0-0: Called Strike
0-1: Foul Ball, location: 2F
0-2: Ball
1-2: Ball
2-2: Ball
3-2: Ground out 6-3 (Groundball, 6, EV 100.6 MPH)
Top of the 3rd over - 0 runs, 0 hits, 0 errors, 0 left on base; Durham 4 - Pawtucket 1
BOTTOM OF THE 3RD
Pawtucket Red Sox batting - Pitching for Durham Bulls : RHP Eric Smith
Batting: LHB John Bailey 0-0: Ball
1-0: Ball
2-0: Swinging Strike
2-1: DOUBLE (Line Drive, 5D, EV 99.4 MPH)
Batting: LHB Tim Fuller 0-0: Ground out U3 (Groundball, 34, EV 99.4 MPH)
John Bailey to third
Batting: RHB Brandon Perris 0-0: Ball
1-0: Foul Ball, location: 2F
1-1: Ball
2-1: Ball
3-1: Swinging Strike
3-2: Foul Ball, location: 2F
3-2: Base on Balls
Batting: LHB Jarrett Mordecai 0-0: Foul Ball, location: 2F
0-1: Ball
1-1: Foul Ball, location: 2F
1-2: SINGLE (Line Drive, 34D, EV 98.1 MPH)
John Bailey scores
Brandon Perris to second
Runner from 2nd tries for 3rd, SAFE, throw by RF made to third
Batting: RHB Jose Diaz 0-0: Ball
1-0: Called Strike
1-1: Ball
2-1: 3-RUN HOME RUN (Flyball, 7LD, EV 96.2 MPH), Distance : 352 ft
Batting: LHB David Moore 0-0: Ground out 4-3 (Groundball, 4, EV 110.0 MPH)
Batting: RHB Eric Garrett 0-0: Called Strike
0-1: Foul Ball, location: 2F
0-2: Ball
1-2: Strikes out swinging
Bottom of the 3rd over - 4 runs, 3 hits, 0 errors, 0 left on base; Durham 4 - Pawtucket 5
TOP OF THE 4TH
Durham Bulls batting - Pitching for Pawtucket Red Sox : LHP Adam Schneidewind
Batting: RHB Jonathan Fraire 0-0: Called Strike
0-1: Ball
1-1: Ball
2-1: Called Strike
2-2: SINGLE (Groundball, 56D, EV 98.1 MPH)
Batting: RHB David Ward 0-0: Called Strike
0-1: Ball
1-1: Foul Ball, location: 2F
1-2: Foul Ball, location: 2F
1-2: Ball
2-2: Foul Ball, location: 2F
2-2: Ball
3-2: Fly out, F6 (Popup, 6, EV 57.5 MPH)
Batting: SHB Lou Kroneman 0-0: Foul Ball, location: 2F
0-1: Ball
1-1: Ball
2-1: Called Strike
2-2: Foul Ball, location: 2F
2-2: Foul Ball, location: 2F
2-2: Foul Ball, location: 2F
2-2: Ball
3-2: Foul Ball, location: 2F
3-2: TRIPLE (Flyball, 7D, EV 110.0 MPH)
Jonathan Fraire scores
Pitching: RHP Danny Klomp
Batting: RHB Nick Sharp 0-0: Ball
1-0: Called Strike
1-1: Swinging Strike
1-2: Strikes out swinging
Batting: RHB Kevin Benfield 0-0: Called Strike
0-1: 2-RUN HOME RUN (Flyball, 78XD, EV 97.5 MPH), Distance : 399 ft
Batting: LHB Mark Marvin 0-0: Ball
1-0: Fly out, F7 (Flyball, 7S, EV 85.6 MPH)
Top of the 4th over - 3 runs, 3 hits, 0 errors, 0 left on base; Durham 7 - Pawtucket 5
BOTTOM OF THE 4TH
Pawtucket Red Sox batting - Pitching for Durham Bulls : RHP Eric Smith
Batting: RHB Neil Mautone 0-0: Ball
1-0: Called Strike
1-1: Ball
2-1: Foul Ball, location: 2F
2-2: Reached on error, E6 (Groundball, 6, EV 98.1 MPH)
Batting: RHB John Chiesa 0-0: Ball
1-0: Called Strike
1-1: Called Strike
1-2: Foul Ball, location: 2F
1-2: Strikes out swinging
Batting: LHB John Bailey 0-0: Ball
Wild Pitch!
Neil Mautone to second
1-0: Foul Ball, location: 2F
1-1: Fly out, F7 (Flyball, 78M, EV 82.5 MPH)
Batting: LHB Tim Fuller 0-0: Swinging Strike
0-1: Foul Ball, location: 2F
0-2: Strikes out swinging
Bottom of the 4th over - 0 runs, 0 hits, 1 error, 1 left on base; Durham 7 - Pawtucket 5
TOP OF THE 5TH
Durham Bulls batting - Pitching for Pawtucket Red Sox : RHP Danny Klomp
Batting: LHB Mario Ocana 0-0: Ball
1-0: Hit by Pitch
Batting: LHB Jake Rheaume 0-0: Called Strike
0-1: Ball
1-1: Foul Ball, location: 2F
1-2: Fielders Choice at 2nd, 6-4 (Groundball, 6M, EV 101.9 MPH)
Batting: LHB Angel Ruvalcaba 0-0: Called Strike
0-1: Ball
1-1: Swinging Strike
1-2: Foul Ball, location: 2F
1-2: Strikes out swinging
Batting: RHB Jonathan Fraire 0-0: Called Strike
Jake Rheaume steals 2nd base
0-1: Ball
1-1: Ball
2-1: DOUBLE (Flyball, 78XD, EV 110.0 MPH)
Jake Rheaume scores
Batting: RHB David Ward 0-0: Ball
1-0: Ball
2-0: Fly out, F6 (Flyball, 56D, EV 90.0 MPH)
Top of the 5th over - 1 run, 1 hit, 0 errors, 1 left on base; Durham 8 - Pawtucket 5
BOTTOM OF THE 5TH
Pawtucket Red Sox batting - Pitching for Durham Bulls : RHP Eric Smith
Batting: RHB Brandon Perris 0-0: Called Strike
0-1: Ground out U3 (Groundball, 34, EV 91.2 MPH)
Batting: LHB Jarrett Mordecai 0-0: Fly out, F9 (Flyball, 89M, EV 94.4 MPH)
Batting: RHB Jose Diaz 0-0: Ball
1-0: Ball
2-0: Reached on error, E2 (Groundball, 13S, EV 65.0 MPH)
Pitching: RHP Ray Willenbrink
Batting: LHB David Moore 0-0: Called Strike
0-1: Ball
1-1: SINGLE (Groundball, 4MS, EV 71.9 MPH) (infield hit)
Jose Diaz to third
Batting: RHB Eric Garrett 0-0: Ball
1-0: Foul Ball, location: 2F
1-1: Ball
2-1: Swinging Strike
2-2: Ball
3-2: Base on Balls
David Moore to second
Batting: RHB Neil Mautone 0-0: Ball
1-0: Called Strike
1-1: Swinging Strike
1-2: Foul Ball, location: 2F
1-2: Foul Ball, location: 2F
1-2: Ball
2-2: Foul Ball, location: 2F
2-2: Foul Ball, location: 2F
2-2: Foul Ball, location: 2F
2-2: Strikes out looking
Bottom of the 5th over - 0 runs, 1 hit, 1 error, 3 left on base; Durham 8 - Pawtucket 5
TOP OF THE 6TH
Durham Bulls batting - Pitching for Pawtucket Red Sox : RHP Danny Klomp
Batting: SHB Lou Kroneman 0-0: Foul Ball, location: 2F
0-1: Ball
1-1: Ball
2-1: Ball
3-1: Base on Balls
Batting: RHB Nick Sharp 0-0: Ball
1-0: Fielders Choice at 2nd, 5-4 (Groundball, 5, EV 83.1 MPH)
Batting: RHB Kevin Benfield 0-0: Foul Ball, location: 2F
0-1: Ball
1-1: Grounds into double play, 6-4-3 (Groundball, 56, EV 105.6 MPH)
Top of the 6th over - 0 runs, 0 hits, 0 errors, 0 left on base; Durham 8 - Pawtucket 5
BOTTOM OF THE 6TH
Pawtucket Red Sox batting - Pitching for Durham Bulls : RHP Ray Willenbrink
Batting: RHB John Chiesa 0-0: Ball
1-0: Ball
2-0: Ball
3-0: Called Strike
3-1: Foul Ball, location: 2F
3-2: Ground out 5-3 (Groundball, 56, EV 86.9 MPH)
Batting: LHB John Bailey 0-0: Ball
1-0: Called Strike
1-1: Ball
2-1: SINGLE (Groundball, 4MS, EV 63.8 MPH) (infield hit)
Batting: LHB Tim Fuller 0-0: Called Strike
0-1: Ball
1-1: SINGLE (Groundball, 56D, EV 101.9 MPH)
John Bailey to second
Batting: RHB Brandon Perris 0-0: Ball
1-0: Fly out, F9 (Line Drive, 9, EV 95.6 MPH)
Batting: LHB Jarrett Mordecai 0-0: SINGLE (Line Drive, 89S, EV 99.4 MPH)
John Bailey to third
Tim Fuller to second
Batting: RHB Jose Diaz 0-0: Foul Ball, location: 2F
0-1: Ball
1-1: Called Strike
1-2: Hit by Pitch
John Bailey scores
Tim Fuller to third
Jarrett Mordecai to second
Batting: LHB David Moore 0-0: Ball
1-0: Called Strike
1-1: Ground out 4-3 (Groundball, 34D, EV 101.2 MPH)
Bottom of the 6th over - 1 run, 3 hits, 0 errors, 3 left on base; Durham 8 - Pawtucket 6
TOP OF THE 7TH
Durham Bulls batting - Pitching for Pawtucket Red Sox : RHP Danny Klomp
Pitching: LHP Will Sledge
Batting: LHB Mark Marvin 0-0: Ball
1-0: Foul Ball, location: 2F
1-1: Ball
2-1: Ball
3-1: Base on Balls
Batting: LHB Mario Ocana 0-0: Called Strike
0-1: Sac Bunt to 25 - play at first, batter safe!
Mark Marvin to second
Batting: LHB Jake Rheaume 0-0: Called Strike
0-1: Bunted foul
0-2: Ball
1-2: Ball
2-2: Ball
3-2: Base on Balls
Mark Marvin to third
Mario Ocana to second
Batting: LHB Angel Ruvalcaba 0-0: Ball
1-0: Fly out, F8 (Flyball, 89M, EV 88.1 MPH)
Runner from 3rd tags up, OUT at HOME! 8-2
Mario Ocana to third
Jake Rheaume to second
Batting: RHB Jonathan Fraire 0-0: Foul Ball, location: 2F
0-1: Foul Ball, location: 2F
0-2: Ball
1-2: SINGLE (Groundball, 34D, EV 101.9 MPH)
Mario Ocana scores
Jake Rheaume to third
Runner from 3rd tries for Home, SAFE, throw by RF to home
Batting: RHB David Ward 0-0: Ball
1-0: Ball
2-0: Called Strike
2-1: Ground out 4-3 (Groundball, 4, EV 83.8 MPH)
Top of the 7th over - 2 runs, 2 hits, 0 errors, 1 left on base; Durham 10 - Pawtucket 6
BOTTOM OF THE 7TH
Pawtucket Red Sox batting - Pitching for Durham Bulls : RHP Ray Willenbrink
Pitching: LHP Sam Wesman
Batting: RHB Eric Garrett 0-0: Called Strike
0-1: Ball
1-1: Ground out U3 (Groundball, 34, EV 91.9 MPH)
Batting: RHB Neil Mautone 0-0: Ball
1-0: DOUBLE (Groundball, 5L, EV 108.8 MPH)
Batting: RHB John Chiesa 0-0: Ball
1-0: Foul Ball, location: 2F
1-1: Fly out, F4 (Popup, 4, EV 56.9 MPH)
Pinch Hitting: RHB Ernie Genier 0-0: Ground out 5-3 (Groundball, 56, EV 80.0 MPH)
Bottom of the 7th over - 0 runs, 1 hit, 0 errors, 1 left on base; Durham 10 - Pawtucket 6
TOP OF THE 8TH
Durham Bulls batting - Pitching for Pawtucket Red Sox : LHP Will Sledge
Now at 2B: Gus Cruz
Now at 3B: Tim Fuller
Batting: SHB Lou Kroneman 0-0: SINGLE (Groundball, 4D, EV 97.5 MPH)
Batting: RHB Nick Sharp 0-0: Called Strike
0-1: Ball
1-1: Fly out, F8 (Flyball, 8RD, EV 96.2 MPH)
Batting: RHB Kevin Benfield 0-0: Called Strike
0-1: Swinging Strike
0-2: Ball
1-2: Foul Ball, location: 2F
1-2: Ball
2-2: Foul Ball, location: 2F
2-2: Strikes out swinging
Batting: LHB Mark Marvin 0-0: Swinging Strike
0-1: Ball
1-1: Reached on error, E4 (Groundball, 4, EV 81.9 MPH)
Lou Kroneman to third
Batting: LHB Mario Ocana 0-0: Foul Ball, location: 2F
0-1: Swinging Strike
0-2: Ball
1-2: Ball
2-2: Ground out 4-3 (Groundball, 4, EV 86.2 MPH)
Top of the 8th over - 0 runs, 1 hit, 1 error, 2 left on base; Durham 10 - Pawtucket 6
BOTTOM OF THE 8TH
Pawtucket Red Sox batting - Pitching for Durham Bulls : LHP Sam Wesman
Batting: LHB Tim Fuller 0-0: Called Strike
0-1: Ball
1-1: Swinging Strike
1-2: Strikes out swinging
Batting: RHB Brandon Perris 0-0: Ball
1-0: Ball
2-0: Swinging Strike
2-1: Ball
3-1: Base on Balls
Batting: LHB Jarrett Mordecai 0-0: Fly out, F7 (Line Drive, 7, EV 92.5 MPH)
Batting: RHB Jose Diaz 0-0: Swinging Strike
0-1: SINGLE (Groundball, 34D, EV 105.6 MPH)
Brandon Perris to second
Runner from 2nd tries for 3rd, SAFE, throw by RF made to third
Batting: RHB Dave Nickerson 0-0: Ball
1-0: SINGLE (Groundball, 4MD, EV 99.4 MPH)
Brandon Perris scores
Jose Diaz to second
Runner from 2nd tries for 3rd, SAFE, no throw by CF
Batting: RHB Eric Garrett 0-0: Ball
1-0: Swinging Strike
1-1: Fly out, F7 (Flyball, 7S, EV 83.8 MPH)
Bottom of the 8th over - 1 run, 2 hits, 0 errors, 2 left on base; Durham 10 - Pawtucket 7
TOP OF THE 9TH
Durham Bulls batting - Pitching for Pawtucket Red Sox : LHP Will Sledge
Pitching: RHP John Jordan
Batting: LHB Jake Rheaume 0-0: Ball
1-0: Ball
2-0: Foul Ball, location: 2F
2-1: Called Strike
2-2: Strikes out swinging
Batting: LHB Angel Ruvalcaba 0-0: Called Strike
0-1: Foul Ball, location: 2F
0-2: Ball
1-2: Ball
2-2: Ball
3-2: Foul Ball, location: 2F
3-2: Strikes out swinging
Batting: RHB Jonathan Fraire 0-0: Foul Ball, location: 2F
0-1: Ball
1-1: Swinging Strike
1-2: Strikes out looking
Top of the 9th over - 0 runs, 0 hits, 0 errors, 0 left on base; Durham 10 - Pawtucket 7
BOTTOM OF THE 9TH
Pawtucket Red Sox batting - Pitching for Durham Bulls : LHP Sam Wesman
Pitching: RHP Alec Murphy
Now at 2B: Mark Marvin
Now at 3B: Jose Vargas
Batting: RHB Neil Mautone 0-0: Ground out 4-3 (Groundball, 34, EV 100.0 MPH)
Pinch Hitting: LHB Cooper Broomhall 0-0: Ground out U3 (Groundball, 34, EV 89.4 MPH)
Batting: SHB Gus Cruz 0-0: Fly out, F8 (Flyball, 89D, EV 88.8 MPH)
Bottom of the 9th over - 0 runs, 0 hits, 0 errors, 0 left on base; Durham 10 - Pawtucket 7
Thursday, December 15th , 2022 - OOTP Baseball 23.9 Build 102